cohdb
Replays
Latest Replays
All Replays
Popular Replays
Top Player Replays
Match Explorer
How It Works
Community
CoH3 Stats
Reddit
Sign in to upload your games and track your stats! →
Sign in with Steam
Match 40157617
Unlisted
Match 40157617
Overview
Messages
Build Orders
End
Construct Weapon Support Center
Selects Heavy Weapons
Bazooka Squad
M1919 Machine Gun Team
Sniper
M1919 Machine Gun Team
Selects M2HB .50cal Heavy Machine Gun
Mechanized Support Center
Selects Assault Carriers
M3 Assault Carrier
M3 Assault Carrier
Scout Squad
Designate Forward Repair Station
Bazooka Squad
Engineer Squad
Forward Retreat Point
M3 Assault Carrier
Selects Halftrack Strongpoints
Selects Gallant Stand
M3 Assault Carrier
Improvised Armor
M3 Assault Carrier
Engineer Squad
.30 cal Machine Gun
Scout Squad
Designate Forward Repair Station
Scout Squad
Improved M9 Bazooka Rockets
Selects Bolstered Team Weapons
Salvage Crew
Ryanza
blackpanther989
lendaxan
Gravey
Chocolei
ShiningRay
Noch
I scream
0
0
Comments
sign in to comment!
No comments posted yet!